[Event "Titled Tuesday Blitz November 08 Late 2022"]
[White "Nakamura, Hikaru"]
[Black "Hnydiuk, Aleksander"]
[WhiteFideId "2016192"]
[BlackFideId "1109057"]
[WhiteElo "2909"]
[BlackElo "2374"]
[Result "1-0"]
[Round "01"]
[TimeControl "180+1"]
[Date "2022.11.08"]
[WhiteClock "0:01:01"]
[BlackClock "0:00:02"]

1. Nf3 Nf6 2. g3 d5 3. Bg2 Nbd7 4. d4 b5 5. Ne5 Bb7 6. O-O e6 7. a4 b4 8. a5 a6 9. Nd3 c5 10. dxc5 Bxc5 11. Bd2 b3 12. Nxc5 Nxc5 13. cxb3 O-O 14. b4 Nce4 15. Be3 Rc8 16. Nd2 Nxd2 17. Qxd2 Bc6 18. Rfc1 Bb5 19. Bd4 Ne4 20. Qe3 Qd7 21. Bxe4 dxe4 22. Qxe4 Rxc1+ 23. Rxc1 Rc8 24. Bc3 f6 25. f3 Qd5 26. Qxd5 exd5 27. e3 Kf7 28. Kf2 Ke6 29. Rd1 Bc4 30. g4 h6 31. h4 Bb5 32. Kg3 Bc4 33. Rd4 Bb5 34. Rd2 Bc4 35. Kf4 Bb5 36. h5 Bc4 37. Kg3 Bb5 38. Rd1 Bc4 39. Re1 Bb5 40. e4 dxe4 41. Rxe4+ Kf7 42. Rd4 Rc7 43. Rd6 Rd7 44. Rb6 Bd3 45. Kf2 Bc4 46. Ke3 Bf1 47. f4 Bc4 48. g5 fxg5 49. fxg5 hxg5 50. Rg6 Kf8 51. Rxg5 Bb5 52. Bd4 Bc4 53. Rc5 Bb5 54. Rxb5 axb5 55. a6 Kf7 56. a7 Rd8 57. Be5 Ra8 58. Bb8 Ke6 59. Ke4 Kd7 60. Kf5 Kc6 61. Kg6 Kb7 62. Kxg7 1-0


[Site "https://www.chess.com"]

[Event "Titled Tuesday Blitz November 08 Late 2022"]
[White "Oglaza, Oskar"]
[Black "Talibov, Shiroghlan"]
[WhiteFideId "1194402"]
[BlackFideId "13429078"]
[WhiteElo "2204"]
[BlackElo "2261"]
[Result "1-0"]
[Round "01"]
[TimeControl "180+1"]
[Date "2022.11.09"]
[WhiteClock "0:00:07"]
[BlackClock "0:00:02"]

1. e4 c5 2. Nf3 d6 3. d4 cxd4 4. Nxd4 Nf6 5. Nc3 a6 6. h3 b5 7. g4 Bb7 8. Bg2 e5 9. Nf5 b4 10. Nd5 Nxd5 11. exd5 Nd7 12. Be3 g6 13. Ng3 Be7 14. Qd2 a5 15. O-O O-O 16. f4 exf4 17. Bxf4 Bf6 18. Ne4 Bxb2 19. Rae1 Be5 20. Kh1 Qe7 21. g5 Kg7 22. Nf6 Rad8 23. Qf2 Kh8 24. Qh4 h5 25. Bf3 Nxf6 26. gxf6 Bxf6 27. Rxe7 Bxh4 28. Rxb7 Bf6 29. Re1 Kg7 30. Bg2 Bc3 31. Re6 Rfe8 32. Rxe8 Rxe8 33. Bxd6 Re1+ 34. Kh2 Re2 35. Bg3 g5 36. h4 gxh4 37. Bxh4 Re3 38. Bg3 h4 39. Bf4 Re2 40. d6 Rf2 41. Be3 Be5+ 42. Kh3 Re2 43. Bg5 Bxd6 44. Bd5 Rf2 45. Bxh4 Kg6 46. Bxf2 1-0


[Site "https://www.chess.com"]

[Event "Titled Tuesday Blitz November 08 Late 2022"]
[White "Oye-Stromberg, Alexander"]
[Black "Kravtsiv, Martyn"]
[WhiteFideId "1525999"]
[BlackFideId "14113147"]
[WhiteElo "2133"]
[BlackElo "2694"]
[Result "0-1"]
[Round "01"]
[TimeControl "180+1"]
[Date "2022.11.09"]
[WhiteClock "0:00:22"]
[BlackClock "0:00:47"]

1. d4 d5 2. c4 e6 3. Nf3 Nf6 4. Nc3 Nbd7 5. e3 Bb4 6. Qc2 O-O 7. Bd2 b6 8. cxd5 exd5 9. Bd3 Bb7 10. Ne5 g6 11. f4 c5 12. O-O c4 13. Be2 Bxc3 14. bxc3 Ne4 15. Be1 f6 16. Ng4 Qe7 17. Bf3 Nd6 18. Bh4 Kg7 19. Rae1 Nf5 20. Bf2 Rae8 21. h3 b5 22. Rb1 Bc6 23. Rfe1 Nb6 24. Nh2 Na4 25. Nf1 Qa3 26. Rbc1 Qb2 27. Nd2 Nd6 28. Bg3 a5 29. Bf2 b4 30. cxb4 axb4 31. Qxb2 Nxb2 32. Rc2 Nd3 33. Rb1 Ba4 34. Rcc1 Nxc1 35. Rxc1 c3 36. Nb3 Bxb3 37. axb3 Ne4 38. Bxe4 dxe4 0-1


[Site "https://www.chess.com"]

[Event "Titled Tuesday Blitz November 08 Late 2022"]
[White "Ozates, Tuna"]
[Black "Kollars, Dmitrij"]
[WhiteFideId "6354521"]
[BlackFideId "12909572"]
[WhiteElo "2151"]
[BlackElo "2584"]
[Result "0-1"]
[Round "01"]
[TimeControl "180+1"]
[Date "2022.11.08"]
[WhiteClock "0:00:30"]
[BlackClock "0:00:08"]

1. d4 Nf6 2. Bg5 d5 3. Bxf6 exf6 4. e3 Bd6 5. g3 h5 6. h4 c6 7. Bg2 Bg4 8. Qd2 Nd7 9. Ne2 Qb6 10. b3 a5 11. a4 O-O 12. O-O Rfe8 13. Nbc3 Bb4 14. Rfe1 Bxe2 15. Rxe2 f5 16. Qd3 g6 17. Na2 Nf6 18. Nxb4 axb4 19. f3 Re7 20. Kh2 Kg7 21. Rae1 Rae8 22. c4 bxc3 23. Qxc3 Qc7 24. b4 Qd6 25. Qc5 Qc7 26. b5 Nd7 27. Qb4 Nb6 28. bxc6 bxc6 29. e4 f4 30. e5 fxg3+ 31. Kxg3 Ra8 32. Ra2 Nc4 33. f4 Ree8 34. f5 f6 35. Kf4 fxe5+ 36. dxe5 Rxe5 37. Qc3 Rf8 38. Rae2 Rxf5+ 39. Kg3 Kh7 40. Kh3 Rxe2 41. Rxe2 Ne5 42. Bxd5 Qd7 0-1


[Site "https://www.chess.com"]

[Event "Titled Tuesday Blitz November 08 Late 2022"]
[White "Papasimakopoulos, Alexandros"]
[Black "Mikhalsky, Vladimir"]
[WhiteFideId "4244125"]
[BlackFideId "14144352"]
[WhiteElo "2365"]
[BlackElo "2271"]
[Result "1-0"]
[Round "01"]
[TimeControl "180+1"]
[Date "2022.11.09"]
[WhiteClock "0:02:01"]
[BlackClock "0:00:26"]

1. d4 Nf6 2. c4 g6 3. Nc3 Bg7 4. e4 O-O 5. f3 d6 6. Nge2 Nc6 7. Be3 Re8 8. Rc1 a6 9. Qd2 Bd7 10. Nd1 b5 11. c5 dxc5 12. Rxc5 e5 13. d5 Nd4 14. Nxd4 exd4 15. Bxd4 Nxe4 16. fxe4 Qh4+ 17. Bf2 Qxe4+ 18. Be2 Qxg2 19. Rg1 Qxh2 20. Qg5 Bd4 21. Rc2 h6 22. Qg3 Bxf2+ 23. Nxf2 Qh5 24. Qxc7 Rac8 25. Qxd7 Rxe2+ 26. Rxe2 Rc1+ 27. Nd1 Qh4+ 28. Kd2 Qf4+ 29. Re3 Rc7 30. Qe8+ Kh7 31. Qe4 Qf6 32. Qe5 Qb6 33. Rh1 Qa5+ 34. Nc3 b4 35. Rxh6+ Kxh6 36. Rh3# 1-0


[Site "https://www.chess.com"]

[Event "Titled Tuesday Blitz November 08 Late 2022"]
[White "Papayan, Oleg"]
[Black "Jobava, Baadur"]
[WhiteFideId "4193911"]
[BlackFideId "13601520"]
[WhiteElo "2153"]
[BlackElo "2582"]
[Result "1/2-1/2"]
[Round "01"]
[TimeControl "180+1"]
[Date "2022.11.08"]
[WhiteClock "0:00:05"]
[BlackClock "0:00:16"]

1. e4 e6 2. d4 d5 3. Nc3 dxe4 4. Nxe4 Bd7 5. Nf3 Bc6 6. Bd3 Nd7 7. Qe2 Ngf6 8. Bg5 Be7 9. Nxf6+ Bxf6 10. h4 h6 11. Bf4 Bxf3 12. Qxf3 c6 13. O-O-O Qb6 14. c3 O-O-O 15. Qg3 c5 16. dxc5 Nxc5 17. Bc2 Rxd1+ 18. Rxd1 Rd8 19. Rxd8+ Qxd8 20. Be5 Nd7 21. Bd6 Nb6 22. Be5 Nc4 23. Bf4 Bxh4 24. Qxg7 Bg5 25. Bxg5 hxg5 26. Kb1 Qe7 27. Qh8+ Kc7 28. Qd4 Nb6 29. Be4 e5 30. Qe3 Nc8 31. c4 b6 32. Qd3 Qc5 33. Qf3 Nd6 34. Bd5 f5 35. Qg3 Qd4 36. Qxg5 Qd3+ 37. Kc1 Qf1+ 38. Kc2 Qxf2+ 39. Kb3 Qc5 40. Qe7+ Kb8 41. Qxe5 a5 42. Qh8+ Kc7 43. Qg7+ Kb8 44. Qd7 b5 45. Qd8+ Nc8 46. cxb5 a4+ 47. Kxa4 Qxd5 48. Qxd5 Nb6+ 49. Kb4 Nxd5+ 50. Kc5 Ne3 51. g3 Nf1 52. Kd4 Nxg3 53. Ke5 Kb7 54. Kf4 Ne2+ 55. Kxf5 Nd4+ 56. Ke4 Nxb5 57. Ke5 Nc7 58. Kd6 Nb5+ 59. Kc5 Nc7 60. a4 Na6+ 61. Kc4 Kb6 62. b4 Nxb4 63. a5+ Ka6 64. Kxb4 Ka7 65. Kb5 Ka8 66. a6 Ka7 67. Ka5 Ka8 68. Kb6 Kb8 69. Kb5 Ka8 70. Ka4 Ka7 71. Ka5 Ka8 72. Kb5 Kb8 73. Kb6 Ka8 74. Ka5 Ka7 75. Kb5 Ka8 76. Kb6 Kb8 77. a7+ Ka8 78. Ka6 1/2-1/2


[Site "https://www.chess.com"]

[Event "Titled Tuesday Blitz November 08 Late 2022"]
[White "Phillips, Rene"]
[Black "Crevatin, Leo"]
[WhiteFideId "2056275"]
[BlackFideId "1726307"]
[WhiteElo "2002"]
[BlackElo "2208"]
[Result "0-1"]
[Round "01"]
[TimeControl "180+1"]
[Date "2022.11.09"]
[WhiteClock "0:00:14"]
[BlackClock "0:02:18"]

1. Nf3 Nf6 2. d4 d5 3. Bf4 g6 4. e3 Bg7 5. Nbd2 O-O 6. Bd3 c5 7. c3 Nc6 8. O-O Nd7 9. e4 dxe4 10. Nxe4 cxd4 11. cxd4 Nxd4 12. Nxd4 Bxd4 13. Bh6 Bg7 14. Bxg7 Kxg7 15. Rc1 Nf6 16. Nxf6 exf6 17. Qc2 Be6 18. Qb1 Rc8 19. Rfd1 Qb6 20. b3 Rfd8 21. Be4 Rxc1 22. Qxc1 Rxd1+ 23. Qxd1 Qc7 24. h3 b6 25. Qd4 Qe5 26. Qa4 a5 27. Bc6 h5 28. Qe4 Qa1+ 29. Kh2 Qxa2 30. Bd5 Bxd5 31. Qxd5 Qxf2 0-1


[Site "https://www.chess.com"]

[Event "Titled Tuesday Blitz November 08 Late 2022"]
[White "Pinheiro, Iung Alicio de O."]
[Black "Sorokin, Aleksey"]
[WhiteFideId "2104350"]
[BlackFideId "24176460"]
[WhiteElo "2283"]
[BlackElo "2476"]
[Result "1-0"]
[Round "01"]
[TimeControl "180+1"]
[Date "2022.11.08"]
[WhiteClock "0:00:31"]
[BlackClock "0:00:16"]

1. e4 c5 2. Nf3 Nc6 3. c3 Nf6 4. e5 Nd5 5. d4 cxd4 6. Bc4 e6 7. cxd4 d6 8. Qe2 Nb6 9. Bb3 dxe5 10. dxe5 Bb4+ 11. Nbd2 O-O 12. O-O Bd7 13. Ne4 Qc7 14. Bf4 Na5 15. Rac1 Bc6 16. Bc2 Rad8 17. Bh6 gxh6 18. Nf6+ Kh8 19. Qe3 Kg7 20. Nd4 Rxd4 21. Qxd4 Be7 22. Qg4+ Kh8 23. Qh5 Bxf6 24. Qxh6 1-0


[Site "https://www.chess.com"]

[Event "Titled Tuesday Blitz November 08 Late 2022"]
[White "Pniaczek, Marek"]
[Black "Piesik, Piotr"]
[WhiteFideId "21800421"]
[BlackFideId "1136194"]
[WhiteElo "2138"]
[BlackElo "2316"]
[Result "1/2-1/2"]
[Round "01"]
[TimeControl "180+1"]
[Date "2022.11.09"]
[WhiteClock "0:00:14"]
[BlackClock "0:00:29"]

1. e4 g6 2. d4 Bg7 3. Nc3 c6 4. f4 d5 5. e5 Nh6 6. Nf3 Bg4 7. Be2 Nf5 8. O-O h5 9. h3 Bxf3 10. Bxf3 h4 11. Ne2 e6 12. c3 Bf8 13. a4 c5 14. c4 Nc6 15. cxd5 exd5 16. dxc5 Bxc5+ 17. Kh2 Nce7 18. Bd2 O-O 19. Rc1 Rc8 20. Qb3 Qb6 21. Qxb6 Bxb6 22. Bb4 Rfd8 23. a5 Be3 24. Rc3 Rxc3 25. bxc3 Nc6 26. Rd1 d4 27. Bxc6 bxc6 28. cxd4 Nxd4 29. Nxd4 Rxd4 30. Rxd4 Bxd4 31. g3 hxg3+ 32. Kxg3 a6 33. Kf3 Kg7 34. Ke4 Bf2 35. f5 Bg1 36. Bc3 Kf8 37. e6 Ke8 38. exf7+ Kxf7 39. fxg6+ Kxg6 40. Ke5 Bh2+ 41. Ke6 Bc7 42. Kd7 Bxa5 43. Bxa5 Kh5 44. Kxc6 Kh4 45. Kb6 Kxh3 46. Kxa6 1/2-1/2


[Site "https://www.chess.com"]

[Event "Titled Tuesday Blitz November 08 Late 2022"]
[White "Poliakova, Varvara"]
[Black "Jones, Gawain C B"]
[WhiteFideId "13518313"]
[BlackFideId "409561"]
[WhiteElo "2099"]
[BlackElo "2657"]
[Result "0-1"]
[Round "01"]
[TimeControl "180+1"]
[Date "2022.11.08"]
[WhiteClock "0:00:18"]
[BlackClock "0:00:17"]

1. e4 c5 2. Nf3 g6 3. d4 cxd4 4. Nxd4 Nf6 5. Nc3 Nc6 6. Nxc6 bxc6 7. e5 Ng8 8. Bc4 Bg7 9. f4 d5 10. exd6 Qxd6 11. Qxd6 exd6 12. O-O Ne7 13. Bd2 Be6 14. Bxe6 fxe6 15. Ne4 d5 16. Ng5 Bxb2 17. Rab1 Bd4+ 18. Kh1 Bb6 19. Nxe6 Kd7 20. Ng5 Nf5 21. Bc3 d4 22. Bd2 Rhe8 23. Nf7 Re2 24. Ne5+ Kc7 25. Rbd1 Re8 26. Rfe1 Rf2 27. Rf1 Re2 28. Rfe1 Rxd2 29. Rxd2 Ba5 30. Rde2 Bxe1 31. Rxe1 c5 32. Rb1 Ne3 33. Rb2 g5 34. g3 gxf4 35. gxf4 Rf8 36. Nd3 c4 37. Nc5 Kd6 38. Ne4+ Kd5 39. Ng3 c3 40. Rb7 Nxc2 41. Rxa7 Rxf4 42. a4 d3 43. Rd7+ Kc4 44. a5 d2 45. a6 Nd4 46. Rc7+ Kd3 47. a7 d1=Q+ 48. Kg2 Qf3+ 49. Kh3 Nf5 0-1


[Site "https://www.chess.com"]

[Event "Titled Tuesday Blitz November 08 Late 2022"]
[White "Poltorak, Sebastian"]
[Black "Kozak, Adam"]
[WhiteFideId "1199498"]
[BlackFideId "753246"]
[WhiteElo "2196"]
[BlackElo "2459"]
[Result "1/2-1/2"]
[Round "01"]
[TimeControl "180+1"]
[Date "2022.11.09"]
[WhiteClock "0:00:07"]
[BlackClock "0:00:05"]

1. d4 e6 2. c4 Bb4+ 3. Nc3 Bxc3+ 4. bxc3 b6 5. e4 Bb7 6. Bd3 d6 7. Ne2 Nd7 8. O-O Ne7 9. Be3 O-O 10. Ng3 e5 11. f4 a5 12. Qg4 Ng6 13. f5 Nf6 14. Qf3 Ne7 15. d5 Kh8 16. Bg5 Neg8 17. Nh5 Qe8 18. Qh3 Nxh5 19. Qxh5 f6 20. Qxe8 Rfxe8 21. Be3 Bc8 22. a3 g6 23. g4 Kg7 24. Kf2 Nh6 25. Rg1 Nf7 26. Rab1 Bd7 27. h3 Reb8 28. Ke2 Rb7 29. Rb2 Rab8 30. Rgb1 Bc8 31. Kd2 Bd7 32. c5 dxc5 33. Bxc5 Ra7 34. c4 Ng5 35. Be3 Nxh3 36. c5 Nf4 37. cxb6 cxb6 38. Rxb6 Rxb6 39. Rxb6 Rc7 40. Ba6 gxf5 41. exf5 Nxd5 42. Rd6 Nxe3 43. Kxe3 Be8 44. Rd8 Bf7 45. a4 Kh6 46. Bb5 Kg5 47. Rh8 Bb3 48. Ra8 Kxg4 49. Rxa5 Kxf5 50. Ra8 h5 51. Rh8 Kg5 52. a5 Rc5 53. Be2 Rxa5 54. Rxh5+ Kg6 55. Rh1 Be6 56. Bd3+ Kf7 57. Rh7+ Kf8 58. Rc7 Ra3 59. Kd2 Ra8 60. Bg6 Rd8+ 61. Ke3 Rd7 62. Rc8+ Kg7 63. Bd3 Bf7 64. Rc1 Kf8 65. Rf1 Ke7 66. Rh1 Rd6 67. Rh7 Kf8 68. Rh6 Kg7 69. Rh1 Be6 70. Rg1+ Kf7 71. Rh1 Rd4 72. Rh7+ Kf8 73. Ra7 Rf4 74. Ra6 Bf7 75. Ra7 Kg7 76. Be4 Kg8 77. Ra8+ Kg7 78. Ra7 Kf8 79. Ra8+ Ke7 80. Ra7+ Ke6 81. Ra6+ Kd7 82. Ra7+ Ke8 83. Ra8+ Ke7 84. Ra7+ Kf8 85. Ra8+ Kg7 86. Ra7 1/2-1/2


[Site "https://www.chess.com"]

[Event "Titled Tuesday Blitz November 08 Late 2022"]
[White "Postnikov, Daniil"]
[Black "Marcolino, Daniel Mattos"]
[WhiteFideId "4166329"]
[BlackFideId "2106841"]
[WhiteElo "2261"]
[BlackElo "2099"]
[Result "1-0"]
[Round "01"]
[TimeControl "180+1"]
[Date "2022.11.09"]
[WhiteClock "0:01:34"]
[BlackClock "0:00:31"]

1. e4 c6 2. d4 d5 3. e5 c5 4. c3 Nc6 5. Be2 Bf5 6. Nf3 e6 7. O-O cxd4 8. Nxd4 Nxd4 9. cxd4 Ne7 10. Nc3 Nc6 11. g4 Bg6 12. f4 Qd7 13. Bd3 Bxd3 14. Qxd3 Bb4 15. Be3 Ba5 16. f5 O-O-O 17. a3 h5 18. g5 Kb8 19. f6 gxf6 20. Rxf6 Rdg8 21. Raf1 Rg7 22. h4 Rhg8 23. Nb5 Bd8 24. R6f2 Be7 25. Kh1 a6 26. Nc3 Na5 27. Rxf7 Nc4 28. Bc1 Rxf7 29. Rxf7 Rf8 30. Qh7 Rxf7 31. Qxf7 Kc7 32. g6 1-0


[Site "https://www.chess.com"]

[Event "Titled Tuesday Blitz November 08 Late 2022"]
[White "Prohorov, Olexandr"]
[Black "Sargsyan, Anna M."]
[WhiteFideId "14105578"]
[BlackFideId "13308130"]
[WhiteElo "1993"]
[BlackElo "2284"]
[Result "0-1"]
[Round "01"]
[TimeControl "180+1"]
[Date "2022.11.09"]
[WhiteClock "0:00:33"]
[BlackClock "0:01:23"]

1. e4 c6 2. d4 d5 3. e5 Bf5 4. g4 Bd7 5. f4 e6 6. Bg2 Qh4+ 7. Kf1 c5 8. Be3 Bb5+ 9. Ne2 cxd4 10. Bxd4 Qxg4 11. Nc3 Qxf4+ 12. Ke1 Bxe2 13. Nxe2 Qh4+ 14. Ng3 Nc6 15. c3 Nxd4 16. cxd4 Bb4+ 17. Kf2 Ne7 18. Rf1 Nc6 19. Rc1 Qxd4+ 20. Qxd4 Nxd4 21. Rc7 O-O 22. Rxb7 Bc5 23. b4 Bb6 24. Ne2 Nc6+ 25. Ke1 Nxb4 26. Nf4 Rab8 27. Rd7 Rfd8 28. Rxd8+ Rxd8 29. Ke2 Rc8 30. a3 Nc6 31. Kd3 Nxe5+ 32. Kd2 Ba5+ 33. Kd1 g6 0-1


[Site "https://www.chess.com"]

[Event "Titled Tuesday Blitz November 08 Late 2022"]
[White "Putnam, Liam"]
[Black "Prem, Pranav"]
[WhiteFideId "30938279"]
[BlackFideId "30901057"]
[WhiteElo "2082"]
[BlackElo "1970"]
[Result "1-0"]
[Round "01"]
[TimeControl "180+1"]
[Date "2022.11.09"]
[WhiteClock "0:01:04"]
[BlackClock "0:00:38"]

1. Nf3 d5 2. b3 Nf6 3. Bb2 e6 4. e3 c5 5. c4 Nc6 6. cxd5 exd5 7. d4 Bg4 8. dxc5 Bxc5 9. Be2 O-O 10. O-O Qe7 11. h3 Be6 12. Nc3 Rfd8 13. Nb5 Ne4 14. Rc1 Rac8 15. Nbd4 Bd6 16. Nxc6 bxc6 17. Nd4 c5 18. Nxe6 fxe6 19. Qc2 Qg5 20. f4 Qg3 21. Rf3 Qh4 22. Bd3 Nf6 23. g4 h6 24. Bc3 d4 25. Be1 c4 26. bxc4 1-0


[Site "https://www.chess.com"]

[Event "Titled Tuesday Blitz November 08 Late 2022"]
[White "Ramirez, Maria Eugenia"]
[Black "Ashiku, Franc"]
[WhiteFideId "3301680"]
[BlackFideId "4700066"]
[WhiteElo "1941"]
[BlackElo "2306"]
[Result "0-1"]
[Round "01"]
[TimeControl "180+1"]
[Date "2022.11.09"]
[WhiteClock "0:00:15"]
[BlackClock "0:00:33"]

1. e4 a6 2. Nc3 b5 3. Nf3 Bb7 4. d3 b4 5. Ne2 d5 6. g3 dxe4 7. dxe4 Qxd1+ 8. Kxd1 Bxe4 9. Bg2 Nc6 10. Bd2 e5 11. Rg1 f6 12. c3 Bc5 13. Ke1 Nge7 14. Rc1 Bd6 15. a3 bxa3 16. bxa3 Bxa3 17. Ra1 Bc5 18. h4 a5 19. g4 a4 20. Ng3 Bd3 21. Bc1 a3 22. Nd2 Ra7 23. Nge4 Bb6 24. Rxa3 Rxa3 25. Bxa3 O-O 26. Bb2 Rb8 27. Bc1 Ra8 28. Nb3 Ra2 29. Nec5 Re2+ 30. Kd1 Rxf2 31. Be3 Rb2 32. Nc1 Bc2+ 33. Ke1 Rb5 34. Bf1 Rxc5 35. Bxc5 Bxc5 36. Rg2 Be4 37. Rb2 Kf7 38. Bc4+ Bd5 39. Bb5 Be6 40. Nd3 Bb6 41. Nf2 Bxf2+ 42. Kxf2 Bxg4 43. Kg3 Be6 44. Rd2 f5 45. c4 f4+ 46. Kf3 Nd4+ 47. Ke4 Nxb5 48. cxb5 Kf6 49. Rd1 Bd5+ 50. Kd3 e4+ 51. Kd4 e3 52. Rc1 e2 53. Kd3 f3 54. Ke3 Bc4 55. Kf2 Bxb5 56. Rxc7 Bc6 57. Ra7 h6 58. Ra6 g5 59. h5 g4 60. Ra4 Kg5 61. Rc4 Kxh5 62. Rc5+ Kg6 63. Re5 h5 64. Rxe7 Kg5 65. Kg3 h4+ 66. Kf2 g3+ 67. Ke1 f2+ 68. Kxe2 Bb5+ 69. Kd2 f1=Q 70. Re5+ Kg4 71. Re4+ Qf4+ 72. Re3 Qxe3+ 73. Kxe3 h3 74. Kd4 h2 75. Kc5 h1=Q 76. Kb4 Kf5 77. Ka5 Ke6 78. Kb6 Kd7 79. Kc5 Qd1 80. Kb4 Qd4+ 81. Kxb5 Kc7 82. Ka6 Qa4# 0-1


[Site "https://www.chess.com"]

[Event "Titled Tuesday Blitz November 08 Late 2022"]
[White "Rangel, Daniel"]
[Black "Ivanisevic, Ivan"]
[WhiteFideId "2124475"]
[BlackFideId "912417"]
[WhiteElo "2225"]
[BlackElo "2582"]
[Result "0-1"]
[Round "01"]
[TimeControl "180+1"]
[Date "2022.11.09"]
[WhiteClock "0:00:02"]
[BlackClock "0:00:22"]

1. c4 b6 2. Nc3 Bb7 3. Nf3 e6 4. g3 Bb4 5. Qb3 Nc6 6. Bg2 Nd4 7. Nxd4 Bxg2 8. Rg1 Bxc3 9. Qxc3 Bb7 10. b3 e5 11. Nf5 Qf6 12. Ne3 d6 13. Bb2 O-O-O 14. f4 exf4 15. Qxf6 Nxf6 16. Bxf6 gxf6 17. gxf4 Rdg8 18. Kf2 Kd7 19. Nf5 h5 20. Rxg8 Rxg8 21. Rg1 Rg6 22. Nh4 Rxg1 23. Kxg1 d5 24. cxd5 Bxd5 25. Kf2 a5 26. d3 a4 27. bxa4 Bxa2 28. Ke3 Bb3 29. Kd2 Bxa4 30. Nf5 Bc6 31. e4 Bb5 32. Ng3 h4 33. Nf5 h3 34. Nh6 Ke6 35. f5+ Ke7 36. Ng4 c5 37. Nf2 Ba6 38. Nxh3 b5 39. Nf4 Kd6 40. h4 Ke5 41. Nd5 Bb7 42. Nc7 c4 43. dxc4 bxc4 44. Kc3 Bxe4 45. Kxc4 Bxf5 46. Kc3 Be4 47. Kd2 f5 48. Ke3 f4+ 49. Kf2 Kf5 50. Ne8 Kg4 51. Nd6 Bd5 52. Ne8 Kxh4 53. Nc7 Bc6 54. Na6 Kg5 55. Nb4 Be4 56. Na6 Kf6 57. Nc5 Bd5 58. Nd3 Kf5 59. Nb4 Be4 60. Na6 Ke5 61. Nc5 Bd5 62. Nd3+ Ke4 63. Ne1 Kd4 64. Nc2+ Kc3 65. Ne1 Kd2 66. Kf1 Ke3 67. Nc2+ Kf3 68. Nd4+ Ke4 0-1


[Site "https://www.chess.com"]

[Event "Titled Tuesday Blitz November 08 Late 2022"]
[White "Ribeiro, Matheus Mendes Domingues"]
[Black "Thiel, Thomas"]
[WhiteFideId "324226923"]
[BlackFideId "4615964"]
[WhiteElo "2098"]
[BlackElo "2202"]
[Result "1-0"]
[Round "01"]
[TimeControl "180+1"]
[Date "2022.11.09"]
[WhiteClock "0:00:08"]
[BlackClock "0:00:06"]

1. c4 Nf6 2. Nc3 g6 3. e4 e5 4. Nf3 Bg7 5. Nxe5 O-O 6. Nf3 Re8 7. d3 c6 8. Be2 d5 9. cxd5 cxd5 10. e5 Nfd7 11. d4 Nf8 12. O-O Nc6 13. Bg5 Qd7 14. Qb3 Ne6 15. Qxd5 Nexd4 16. Nxd4 Nxd4 17. Qxd7 Bxd7 18. f4 f6 19. Bc4+ Be6 20. Bxe6+ Rxe6 21. exf6 Bxf6 22. Bxf6 Rxf6 23. Rad1 Nf5 24. Rfe1 Rf7 25. g3 Rc8 26. Re5 a6 27. a3 Rcc7 28. Rd8+ Kg7 29. Ree8 Rfe7 30. Kg2 Ne3+ 31. Kf3 Rxe8 32. Rxe8 Nc4 33. Ne4 Nxb2 34. g4 Nc4 35. f5 gxf5 36. gxf5 Nxa3 37. f6+ Kg6 38. Rg8+ Kf5 39. f7 Rxf7 40. Nd6+ Ke6+ 41. Nxf7 Kxf7 42. Rb8 b5 43. Rb7+ Kg8 44. Ra7 Nc4 45. Rxa6 b4 46. Ra8+ Kf7 47. Rb8 Ne5+ 48. Ke4 Nc6 49. Rb6 Ne7 50. Rxb4 Ng6 51. Kf5 Ne7+ 52. Kg5 Ng8 53. Rb7+ Ne7 54. Kh6 Kf6 55. Kxh7 Nf5 56. Rb4 Ne7 57. h4 Nf5 58. h5 Ng3 59. h6 Nf5 60. Rf4 Kg5 61. Rxf5+ Kxf5 62. Kg7 1-0


[Site "https://www.chess.com"]

[Event "Titled Tuesday Blitz November 08 Late 2022"]
[White "Richter, Paul"]
[Black "Floresvillar Gonzalez, Luis Migu"]
[WhiteFideId "2046350"]
[BlackFideId "5100542"]
[WhiteElo "2565"]
[BlackElo "2040"]
[Result "1-0"]
[Round "01"]
[TimeControl "180+1"]
[Date "2022.11.09"]
[WhiteClock "0:00:22"]
[BlackClock "0:00:32"]

1. e4 e6 2. d4 d5 3. Nc3 dxe4 4. Nxe4 Nd7 5. Nf3 Ngf6 6. Bg5 Be7 7. Nxf6+ Nxf6 8. Bd3 O-O 9. Qe2 c5 10. O-O-O cxd4 11. Kb1 Qa5 12. g4 a6 13. h4 Re8 14. Bxf6 Bxf6 15. g5 Be7 16. Qe4 Qf5 17. Qxf5 exf5 18. Nxd4 g6 19. Rhe1 Bd7 20. Nb3 Be6 21. Na5 b5 22. Nb3 Bxb3 23. axb3 Bb4 24. c3 Bc5 25. f3 Rxe1 26. Rxe1 Bf2 27. Rh1 Rd8 28. Kc2 Be3 29. b4 f4 30. Ra1 Rd6 31. Rh1 Kg7 32. Be4 Rd2+ 33. Kb3 h6 34. gxh6+ Kxh6 35. Bb7 Rd6 36. Ra1 Bf2 37. Bxa6 Bxh4 38. Bxb5 g5 39. Bc4 f5 40. Be2 Rd2 41. Bd1 Rg2 42. b5 g4 43. b6 Bd8 44. b7 Bc7 45. Ra6+ Kg5 46. Rc6 Bb8 47. Rc8 Be5 48. Rg8+ Kf6 49. fxg4 fxg4 50. Rxg4 Rxg4 51. Bxg4 Kg5 52. Bf3 Kh4 53. Kc4 Kg3 54. Be4 f3 55. Kd5 f2 56. Bd3 Bb8 57. Ke6 Kf4 58. Kd7 Ke3 59. Bf1 Kd2 60. c4 Kc2 61. c5 Kxb2 62. c6 Kc3 63. c7 Bxc7 64. Kxc7 Kd2 65. b8=Q Ke1 66. Qb5 1-0


[Site "https://www.chess.com"]

[Event "Titled Tuesday Blitz November 08 Late 2022"]
[White "Ristic, Nebojsa B"]
[Black "Curtis, John"]
[WhiteFideId "935468"]
[BlackFideId "3200256"]
[WhiteElo "2320"]
[BlackElo "2203"]
[Result "1-0"]
[Round "01"]
[TimeControl "180+1"]
[Date "2022.11.09"]
[WhiteClock "0:00:17"]
[BlackClock "0:00:16"]

1. d4 Nf6 2. Bf4 d6 3. Nc3 g6 4. e4 Bg7 5. Qd2 c6 6. f3 h5 7. O-O-O a6 8. Bd3 b5 9. e5 dxe5 10. dxe5 Nd5 11. Nxd5 cxd5 12. Ne2 Nc6 13. Qe3 e6 14. Kb1 Rb8 15. Bg5 Qb6 16. Qxb6 Rxb6 17. f4 Nb4 18. Nd4 Nxd3 19. cxd3 Kd7 20. Rc1 Rb7 21. Nb3 Rc7 22. Rxc7+ Kxc7 23. Rc1+ Kd7 24. d4 Bf8 25. Bf6 Rg8 26. a3 Bh6 27. g3 g5 28. Nc5+ Ke8 29. fxg5 Bxg5 30. Bxg5 Rxg5 31. Rf1 Rg4 32. Rf4 Rxf4 33. gxf4 f6 34. Kc2 Kf7 35. Kd3 fxe5 36. fxe5 Kg6 37. Ke3 Kg5 38. Kf3 a5 39. b4 axb4 40. axb4 Kh4 41. Kg2 Kg4 42. Nd3 Bd7 43. h3+ Kh4 44. Nf4 Kg5 45. Kf3 Kh4 46. Kg2 Kg5 47. Kg3 h4+ 48. Kf3 Kf5 49. Ke3 Be8 50. Ne2 Bh5 51. Nc3 Bg4 52. hxg4+ Kxg4 53. Kf2 h3 54. Nxb5 Kf4 55. Nd6 h2 56. Kg2 Ke3 57. b5 Kxd4 58. b6 Kxe5 59. Nf7+ Kf6 60. b7 h1=Q+ 61. Kxh1 Kxf7 62. b8=Q Kf6 63. Qf4+ Ke7 64. Qe5 Kd7 65. Kg2 Kc6 66. Kf2 Kc5 67. Ke3 Kc4 68. Qxe6 Kc5 69. Kd3 d4 70. Qe5+ Kc6 71. Kxd4 Kd7 72. Qf6 Kc7 73. Qe6 Kb7 74. Kc5 Kc7 75. Qf7+ Kd8 76. Kd6 Kc8 77. Qc7# 1-0


[Site "https://www.chess.com"]

[Event "Titled Tuesday Blitz November 08 Late 2022"]
[White "Romero Ruscalleda, Josep"]
[Black "Atakishiyev, Elmar"]
[WhiteFideId "2231859"]
[BlackFideId "13410547"]
[WhiteElo "2183"]
[BlackElo "2194"]
[Result "0-1"]
[Round "01"]
[TimeControl "180+1"]
[Date "2022.11.09"]
[WhiteClock "0:00:02"]
[BlackClock "0:00:06"]

1. e4 e6 2. d4 d5 3. e5 c5 4. c3 Nc6 5. Be3 Qb6 6. Qd2 Bd7 7. Nf3 Rc8 8. dxc5 Bxc5 9. Bxc5 Qxc5 10. Bd3 Nge7 11. Qg5 Ng6 12. O-O O-O 13. h4 Qe7 14. Qg3 f5 15. exf6 Qxf6 16. Bxg6 hxg6 17. Re1 b5 18. a3 Rce8 19. Ne5 Nxe5 20. Rxe5 Qf4 21. Qxf4 Rxf4 22. g3 Rf5 23. Re3 e5 24. Nd2 Ref8 25. f3 Bc6 26. Rae1 Re8 27. Nb3 Kf7 28. Nc5 e4 29. fxe4 Rfe5 30. Nd3 Rxe4 31. Kf2 Kg8 32. Nf4 Rf8 33. Rxe4 dxe4 34. Rd1 Kh7 35. Ke3 Rf5 36. Rd6 Ba8 37. Nxg6 Rf3+ 38. Kd2 Rxg3 39. Nf8+ Kg8 40. Rd8 e3+ 41. Ke1 Be4 42. Ne6+ Kf7 43. Ng5+ Ke7 44. Nxe4 Rg1+ 45. Ke2 Kxd8 46. Kxe3 Rg2 47. b4 Rh2 48. Nd6 a6 49. Nf5 Rh3+ 50. Kd4 g6 51. Nd6 Rxh4+ 52. Kc5 Kd7 0-1


[Site "https://www.chess.com"]